 Dungeon Crawl Stone Soup version 0.24.1-14-gf8d2b509d9 (webtiles) character file.

Game seed: 3781761781092360574, levelgen mode: deterministic

205 Gabide the Skirmisher (level 6, -10/39 HPs)
             Began as a Kobold Abyssal Knight on May 22, 2020.
             Was a Believer of Lugonu.
             Killed by divine providence
             ... invoked by an orc priest
              (12 damage)
             ... on level 4 of the Dungeon.
             The game lasted 00:07:02 (3178 turns).

Gabide the Skirmisher (Kobold Abyssal Knight)       Turns: 3178, Time: 00:07:03

Health: -10/39     AC:  7    Str: 11    XL:     6   Next: 9%
Magic:  6/7        EV: 15    Int: 14    God:    Lugonu [**....]
Gold:   172        SH:  0    Dex: 14    Spells: 5/5 levels left

rFire    . . .     SeeInvis .   d - +1 mace (crush)
rCold    + . .     Gourm    .   (shield restricted)
rNeg     . . .     Faith    .   b - +2 leather armour
rPois    .         Spirit   .   (no helmet)
rElec    .         Reflect  .   (no cloak)
rCorr    .         Harm     .   (no gloves)
MR       .....                  o - +1 pair of boots
Stlth    +.........             m - amulet of rage (curse)
HPRegen  0.13/turn              i - ring of protection from cold
MPRegen  0.10/turn              (no ring)

@: flying
A: small, carnivore
a: Depart the Abyss, Bend Space, Renounce Religion, Evoke Berserk Rage


You were on level 4 of the Dungeon.
You worshipped Lugonu.
Lugonu was pleased with you.
You were very full.

You visited 1 branch of the dungeon, and saw 4 of its levels.
You visited the Abyss 1 time.

You collected 172 gold pieces.

Inventory:

Hand Weapons
 a - a +1 mace
 d - a +1 mace of crushing (weapon)
 e - a +0 quarterstaff of speed
Armour
 b - a +2 leather armour (worn)
 j - a +0 ring mail of magic resistance
 o - a +1 pair of boots (worn)
Jewellery
 i - a ring of protection from cold (left hand)
 m - a cursed amulet of rage (around neck)
Scrolls
 k - a scroll of fear
Potions
 f - a potion of cancellation
 h - 2 potions of curing {unknown}
 l - 2 potions of agility {unknown}
 n - a potion of magic {unknown}
Comestibles
 c - 4 rations


   Skills:
 + Level 4.4 Fighting
 * Level 3.6 Maces & Flails
 + Level 1.5 Armour
 + Level 3.5 Dodging
 - Level 0.6 Stealth
 * Level 2.5 Invocations


You had 5 spell levels left.
You didn't know any spells.
Your spell library was empty.

Dungeon Overview and Level Annotations

Branches:
Dungeon (4/15)
 Temple: D:4-7

Altars:
Sif Muna
Uskayaw
Yredelemnul


Innate Abilities, Weirdness & Mutations

You are small and have problems with some larger weapons.
You are carnivorous and can eat meat at any time.


Message History

The orc misses you.
The orc priest hits you but does no damage.
You barely miss the orc priest. The orc barely misses you.
The orc priest barely misses you. The orc hits you but does no damage.
You hit the orc priest.
The orc priest is heavily wounded.
The orc priest calls down the wrath of Beogh upon you.
Beogh smites you!
* * * LOW HITPOINT WARNING * * *
The orc hits you but does no damage.
It was a potion of cancellation.
You feel magically purged. The orc priest barely misses you.
The orc hits you but does no damage. Space bends around you!
You blink.
It was a potion of flight.
You feel very buoyant.
You fly up into the air.
Okay, then.
The orc priest calls down the wrath of Beogh upon you.
Beogh smites you!
You die...

#.# # ####.#####..
+...........
####........
#.o#####. ..# #.o#
#.# #..# #.# #.o#
#.# ###.@#### #.#
#.......# #.#
#(..#.#.###
#.####....#...#####
#..#....#.........#
##.#.#..#....####.#
#.........<.#....#
#.#.....#...#.####
#...##..#......#


You could see an orc priest and 2 orcs.

Vanquished Creatures
  A howler monkey (D:3)
  7 adders
  An ufetubus (Abyss:1)
  2 worms (D:3)
  2 dart slugs
  2 leopard geckos
  5 orcs
  3 giant cockroaches (D:2)
  10 goblins
  10 hobgoblins
  4 jackals (D:1)
  3 quokkas (D:2)
  A ball python (D:3)
  6 bats
  6 frilled lizards
  13 kobolds
  11 rats
87 creatures vanquished.

Notes
Turn   | Place    | Note
-------+----------+-------------------------------------------
     0 | Abyss:1  | Gabide the Kobold Abyssal Knight began the quest for the
                  | Orb.
     0 | Abyss:1  | Reached XP level 1. HP: 14/14 MP: 2/2
     1 | Abyss:1  | Found a corrupted altar of Lugonu.
     4 | Abyss:1  | Found a corrupted altar of Lugonu.
    59 | Abyss:1  | Found a corrupted altar of Lugonu.
    59 | Abyss:1  | Found a corrupted altar of Lugonu.
    70 | Abyss:1  | Found a corrupted altar of Lugonu.
   130 | Abyss:1  | Noticed a large abomination
   145 | Abyss:1  | Noticed a smoke demon
   147 | D:1      | Escaped the Abyss
   155 | D:1      | Reached XP level 2. HP: 16/19 MP: 1/3
   161 | D:1      | Reached * piety under Lugonu
   510 | D:1      | Reached XP level 3. HP: 14/24 MP: 4/4
   512 | D:1      | Reached skill level 4 in Fighting
   950 | D:1      | Reached skill level 1 in Armour
  1634 | D:2      | Reached XP level 4. HP: 20/29 MP: 5/5
  1659 | D:2      | Reached ** piety under Lugonu
  2105 | D:2      | Found a faded altar of an unknown god.
  2301 | D:2      | Found a shimmering blue altar of Sif Muna.
  2301 | D:2      | Found a basalt altar of Yredelemnul.
  2430 | D:3      | Found a hide-covered altar of Uskayaw.
  2434 | D:3      | Reached XP level 5. HP: 33/33 MP: 6/6
  2887 | D:3      | Reached XP level 6. HP: 39/39 MP: 7/7
  3178 | D:4      | Killed from afar by an orc priest

Levels and vault maps discovered:
D:1:      ebering_trefoil_3fold, layout_basic, minmay_misc_feat_roman
D:2:      layout_rooms, gammafunk_temple_overflow_elements,
          chequers_ecumenical_altar_grove, minmay_misc_feat_cross,
          minmay_misc_feat_chi, kennysheep_cluttered_room,
          kennysheep_generic_room_3
D:3:      layout_loops_cross, nicolae_overflow_crystal_walls
D:4:      layout_basic

Skill      XL: |  1  2  3  4  5 |
---------------+----------------+-----
Maces & Flails | 2 3 |  3.6
Fighting       | 4 |  4.4
Dodging        | 3 |  3.5
Armour         | 1 |  1.5
Stealth        | |  0.6
Invocations    | |  2.5

Action                   |  1- 3 |  4- 6 || total
-------------------------+-------+-------++-------
Melee: Mace              |   127 |   144 ||   271
Invok: Depart the Abyss  |     1 |       ||     1
       Bend Space        |       |     1 ||     1
  Use: Scroll            |     6 |     4 ||    10
       Potion            |       |     4 ||     4
 Stab: Sleeping          |       |     3 ||     3
  Eat: Chunk             |    11 |     4 ||    15
Armor: Leather armour    |    28 |    33 ||    61
Dodge: Dodged            |   125 |   131 ||   256
